 Dungeon Crawl Stone Soup version 0.21-a0-496-g696f58f (webtiles) character file.

168144 4thArraOfDagon the Severer (level 17, -4/148 HPs)
             Began as a Hill Orc Monk on Nov 23, 2017.
             Was a Follower of Uskayaw.
             Slain by a merfolk
             ... wielding a +0 trident
              (14 damage)
             ... on level 4 of the Shoals on Nov 24, 2017.
             The game lasted 01:52:38 (15994 turns).

4thArraOfDagon the Severer (Hill Orc Monk)         Turns: 15994, Time: 01:52:39

Health: -4/148     AC: 25    Str: 15 (16) XL:     17   Next: 64%
Magic:  37/37      EV:  8    Int: 21      God:    Uskayaw [*.....]
Gold:   1041       SH:  0    Dex: 11 (13) Spells: 2/30 levels left

rFire    . . .     SeeInvis .   I - +0 broad axe
rCold    . . .     Gourm    .   (no shield)
rNeg     . . .     Faith    .   Z - +4 troll leather armour {Snorg}
rPois    +         Spirit   .   M - +2 helmet
rElec    +         Reflect  .   v - +2 cloak {rPois}
rCorr    .         Harm     .   w - +3 pair of gloves "Naadolant" {+Fly rElec rC+ Int+3 Dex-4}
MR       +....     Clarity  +   i - +2 pair of boots (curse)
Stlth    +.........             f - amulet of rage
HPRegen  0.74/turn              O - +3 ring of intelligence
MPRegen  0.25/turn              q - ring "Xufic" {rC- MP+9 Dex+4 Slay+3}

@: engulfed (cannot breathe), held
A: hooves 1, slimy green scales 1, clarity, deterioration 1, electricity
resistance, wild magic 1
}: 1/15 runes: gossamer
a: Stomp, Renounce Religion, Evoke Berserk Rage, Evoke Flight


You were on level 4 of the Shoals.
You worshipped Uskayaw.
Uskayaw was aware of your devotion.
You were not hungry.

You visited 5 branches of the dungeon, and saw 31 of its levels.
You also visited: Labyrinth, Sewer and Ossuary.

You collected 2647 gold pieces.
You spent 1606 gold pieces at shops.

Inventory:

Hand Weapons
 b - a +0 blowgun
 h - the +12 quarterstaff of Possoss {elec, *Noise rN+ Int+7 SInv}
   (You found it on level 3 of the Lair of Beasts)

   Occasionally, upon striking a foe, it will discharge some electrical energy
   and cause terrible harm.
   It affects your intelligence (+7).
   It protects you from negative energy.
   It lets you see invisible.
   It may make noises in combat.
 I - a +0 broad axe (weapon)
Missiles
 a - 11 curare-tipped needles
 y - 2 throwing nets (quivered)
 X - 6 tomahawks of dispersal
Armour
 i - a cursed +2 pair of boots (worn)
 v - a +2 cloak of poison resistance (worn)
 w - the +3 pair of gloves "Naadolant" (worn) {+Fly rElec rC+ Int+3 Dex-4}
   (You bought it in a shop on level 4 of the Dungeon)

   It affects your intelligence (+3).
   It affects your dexterity (-4).
   It protects you from cold.
   It insulates you from electricity.
   It lets you fly.
 E - a +2 robe of the Archmagi
 M - a +2 helmet (worn)
 S - a +3 shield of reflection
 Z - a +4 troll leather armour (worn) {Snorg}
Jewellery
 f - an amulet of rage (around neck)
 p - an uncursed ring of see invisible
 q - the ring "Xufic" (right hand) {rC- MP+9 Dex+4 Slay+3}
   (You bought it in a shop on level 3 of the Shoals)

   [ring of magical power]

   It affects your dexterity (+4).
   It affects your accuracy and damage with ranged weapons and melee attacks
   (+3).
   It makes you vulnerable to cold.
   It affects your magic capacity (+9).
 N - an uncursed ring of protection from magic
 O - a +3 ring of intelligence (left hand)
 R - an uncursed ring of protection from fire
 T - an uncursed ring of resist corrosion
Wands
 t - a wand of acid (17)
 C - a wand of enslavement (4)
 G - a wand of scattershot (5)
 P - a wand of iceblast (17)
 Y - a wand of polymorph (9)
Scrolls
 d - 3 scrolls of fog
 e - 9 scrolls of remove curse
 g - 2 scrolls of amnesia
 l - 3 scrolls of magic mapping
 n - 3 scrolls of blinking
 z - a scroll of immolation
 D - 6 scrolls of noise
 H - 2 scrolls of enchant weapon
 L - 3 scrolls of identify
 U - 2 scrolls of summoning
Potions
 j - 9 potions of haste
 m - 10 potions of curing
 o - 4 potions of might
 r - 2 potions of brilliance
 u - 6 potions of flight
 x - a potion of resistance
 A - 4 potions of agility
 B - a potion of magic
 K - 4 potions of mutation
 Q - 7 potions of ambrosia
 W - 2 potions of heal wounds
Miscellaneous
 F - a phantom mirror
 J - a lamp of fire
 V - a sack of spiders
Comestibles
 c - 8 bread rations
 k - 8 chunks of flesh
 s - 14 meat rations


   Skills:
 + Level 12.4 Fighting
 - Level 18.0 Axes
 - Level 6.5 Armour
 - Level 10.0 Dodging
 - Level 1.5 Stealth
 - Level 7.3 Spellcasting
 - Level 2.0 Charms
 - Level 2.2 Necromancy
 - Level 10.3 Transmutations
 - Level 12.9 Earth Magic
 - Level 10.0 Invocations
 - Level 6.0 Evocations


You had 2 spell levels left.
You knew the following spells:

 Your Spells              Type           Power        Failure   Level  Hunger
a - Statue Form           Tmut/Erth      ######...    19%         6    ######.
b - Passwall              Tmut/Erth      ######....   1%          2    None
c - Controlled Blink      Tloc           N/A          100%        8    #######
d - Passage of Golubria   Tloc           N/A          77%         4    ###....
e - Regeneration          Chrm/Necr      ###.......   17%         3    None
f - Lee's Rapid Deconstr  Erth           ######....   2%          5    #####..


Dungeon Overview and Level Annotations

Branches:
Dungeon (15/15)              Lair (6/6) D:10         Shoals (4/4) Lair:2
 Spider (4/4) Lair:4        Slime (0/5) Lair:5          Orc (2/2) D:9
    Elf (0/3) Orc:2
 Temple: D:4-7       Vaults: D:13-14     Depths: D:15

Altars:
Dithmenos
Gozag
Okawaru
Qazlal
Sif Muna
Trog
Uskayaw
Vehumet
Wu Jian
Xom
Zin

Shops:
D:4 [   D:10 :   Orc:2 *!%[}   Shoals:3 =

Portals:
Pandemonium: Orc:2

Annotations:
D:14 AULTS


Innate Abilities, Weirdness & Mutations

You have large cloven feet.
You are partially covered in slimy green scales. (AC +2)
You possess an exceptional clarity of mind.
Your body sometimes deteriorates upon taking damage.
You are resistant to electric shocks. (rElec)
Your spells are a little harder to cast, but a little more powerful.


Message History

The merfolk hits you from afar with a glaive.
* * * LOW HITPOINT WARNING * * *
The merfolk hits you from afar with a trident!
* * * LOW HITPOINT WARNING * * *
The merfolk impaler barely misses you. The merfolk closely misses you.
The water elemental hits you.
* * * LOW HITPOINT WARNING * * *
Unknown command.
Unknown command.
Unknown command.
Okay, then.
You struggle against the net.
* * * LOW HITPOINT WARNING * * *
Your lungs strain for air!
The merfolk hits you from afar with a trident!
* * * LOW HITPOINT WARNING * * *
The merfolk impaler hits you with a trident.
* * * LOW HITPOINT WARNING * * *
The merfolk hits you from afar with a trident!
You die...

...≈≈≈≈≈≈≈≈≈≈≈≈
....≈≈≈≈≈≈.....
.....≈≈≈.......
...(...........
...............
.......m......≈
.......Emm....#
#...@.m..#
##mm..P..#
###..m≈[≈#
#..PP.##
≈..PP.#
≈.PPP.≈#
≈.PPP.##
#..PPP≈.


You could see a merfolk impaler, a merfolk aquamancer, 5 merfolk and a water
elemental.

Vanquished Creatures
  Rupert (Orc:2)
  2 krakens
  Polyphemus (Shoals:3)
  Kirke (Shoals:2)
  Roxanne (D:14)
  3 ghost moths
  4 emperor scorpions (Spider:4)
  The ghost of tof the Warrior, a journeyman MiBe of Trog (Lair:6)
  2 entropy weavers
  Nessos (D:14)
  A spark wasp (Spider:4)
  Snorg (Lair:5)
  3 merfolk impalers
  A merfolk javelineer (Shoals:3)
  Josephine (D:13)
  A minotaur (Lab)
  6 hydras
  Fannar (D:11)
  A centaur warrior (D:13)
  A merfolk avatar (Shoals:1)
  2 catoblepae
  A death knight (D:14)
  2 satyrs
  6 death yaks
  An alligator snapping turtle (Shoals:3)
  A tengu warrior (D:15)
  6 orc high priests
  A soul eater (Orc:2)
  Sonja (Orc:2)
  A torturous demonspawn (Orc:2)
  5 sea snakes
  2 unseen horrors
  2 infernal demonspawn (Orc:2)
  Pikel (D:8)
  5 orc knights
  26 wolf spiders
  A deep elf mage (D:14)
  12 orb spiders
  9 harpies
  5 manticores
  2 cyclopes
  7 orc sorcerers
  7 fauns
  8 ugly things
  2 moths of wrath
  7 black mambas
  4 merfolk sirens (Shoals:1)
  2 guardian serpents (D:12)
  4 water nymphs
  A torpor snail (Spider:3)
  A gargoyle (D:13)
  2 smoke demons (Orc:2)
  11 spiny frogs
  Maurice (D:13)
  7 komodo dragons
  5 demonic crawlers
  A hellwing (Orc:2)
  45 jumping spiders
  5 polar bears
  6 trolls
  6 merfolk (Shoals:3)
  A harpy skeleton (D:14)
  3 wind drakes
  The ghost of Scuka the Caller, an amateur BaSu (D:5)
  13 blink frogs
  11 hornets
  3 snapping turtles
  8 hippogriffs
  4 dream sheep
  A shadow (D:11)
  35 tarantellas
  21 yaks
  51 redbacks
  14 spriggans (Lair:6)
  A water elemental (Shoals:1)
  3 wyverns
  5 wraiths (D:13)
  5 hogs (Shoals:2)
  2 basilisks (Lair:6)
  A steam dragon (D:10)
  A chaos spawn (Orc:2)
  2 wargs (Orc:1)
  11 water moccasins
  9 porcupines
  23 orc warriors
  3 sky beasts
  Purgy (Sewer)
  2 black bears (Lair:6)
  An eye of draining (D:10)
  4 slaves (D:8)
  4 ice beasts
  9 ogres
  4 phantoms
  A necrophage (D:9)
  5 boggarts (Lair:6)
  16 centaurs
  14 crocodiles
  23 wolves
  A big kobold (D:13)
  12 bullfrogs
  A wyvern skeleton (D:12)
  2 scorpions
  4 killer bees (D:9)
  3 wights (D:15)
  A howler monkey (D:5)
  2 electric eels (Spider:2)
  A centaur zombie (D:10)
  5 crimson imps
  3 jellies
  A quasit (D:5)
  2 bullfrog zombies (D:5)
  9 hounds
  15 orc priests
  3 bullfrog skeletons
  3 iguanas
  4 worker ants
  18 orc wizards
  A big kobold zombie (Ossuary)
  A hound zombie (D:7)
  8 mummies (Ossuary)
  7 gnolls (D:4)
  8 adders
  2 shadow imps
  4 oozes
  A worm (D:3)
  A dart slug (D:2)
  3 leopard geckos
  76 orcs
  13 giant cockroaches
  A gnoll zombie (Ossuary)
  3 goblins
  3 hobgoblins
  4 jackals
  3 quokkas
  2 ball pythons (Sewer)
  3 bats
  7 frilled lizards
  A hobgoblin zombie (Ossuary)
  11 kobolds
  4 kobold zombies (Ossuary)
  A leopard gecko skeleton (D:4)
  An orc zombie (Ossuary)
  3 rats
  A fungus (Lair:2)
  3 plants
  7 tentacles
847 creatures vanquished.

Vanquished Creatures (collateral kills)
  A jumping spider (Spider:4)
1 creature vanquished.

Vanquished Creatures (others)
  An orb spider (Spider:4)
  A jumping spider (Spider:2)
  21 fungi
  10 plants
  7 tentacles
40 creatures vanquished.

Grand Total: 888 creatures vanquished

Notes
Turn   | Place    | Note
-------+----------+-------------------------------------------
     0 | D:1      | 4thArraOfDagon the Hill Orc Monk began the quest for the Orb.
     0 | D:1      | Reached XP level 1. HP: 19/19 MP: 1/1
   295 | D:2      | Reached XP level 2. HP: 23/26 MP: 2/2
   325 | D:3      | Reached skill level 1 in Evocations
   449 | D:3      | Found a faded altar of an unknown god.
   453 | D:3      | Became a worshipper of Uskayaw the Reveler
   453 | D:3      | Reached * piety under Uskayaw
   453 | D:3      | Reached ** piety under Uskayaw
   466 | D:3      | Reached XP level 3. HP: 27/31 MP: 2/4
   466 | D:3      | Reached *** piety under Uskayaw
   564 | D:3      | Found a glowing drain.
   580 | Sewer    | Entered a sewer
   587 | Sewer    | Reached skill level 5 in Axes
   614 | Sewer    | Noticed Purgy
   624 | Sewer    | Killed Purgy
   624 | Sewer    | Reached skill level 1 in Invocations
   624 | Sewer    | Reached XP level 4. HP: 34/39 MP: 4/6
   624 | Sewer    | Reached XP level 5. HP: 39/45 MP: 4/7
   774 | D:2      | Noticed an angel
   775 | D:2      | Found a glowing silver altar of Zin.
   798 | D:2      | Reached skill level 6 in Axes
  1110 | D:4      | Reached XP level 6. HP: 51/51 MP: 8/8
  1133 | D:4      | Found a sand-covered staircase.
  1137 | Ossuary  | Entered an ossuary
  1174 | Ossuary  | Reached **** piety under Uskayaw
  1210 | Ossuary  | jacquesderrida: Deng
  1354 | D:4      | 4thArraOfDagon: jed
  1386 | D:4      | Noticed a phantom
  1404 | D:4      | Reached skill level 7 in Axes
  1409 | D:4      | Killed a phantom
  1409 | D:4      | Reached XP level 7. HP: 59/59 MP: 10/10
  1510 | D:4      | Found Xerauv's Antique Armour Shop.
  1513 | D:4      | Bought a pair of heavily runed gloves for 256 gold pieces
  1518 | D:4      | Identified the +3 pair of gloves "Naadolant" {+Fly rElec rC+ Int+3 Dex-4} (You bought it in a shop on level 4 of the Dungeon)
  1597 | D:4      | jacquesderrida: Thank you
  1640 | D:5      | Entered Level 5 of the Dungeon
  1640 | D:5      | Found an iron altar of Okawaru.
  1751 | D:5      | Reached skill level 8 in Axes
  1792 | D:5      | Noticed Scuka's ghost (amateur BaSu)
  1793 | D:5      | Reached skill level 5 in Evocations
  1793 | D:5      | Reached XP level 8. HP: 67/67 MP: 11/11
  1858 | D:5      | Found a deep blue altar of Sif Muna.
  1874 | D:5      | Reached skill level 5 in Fighting
  1885 | D:5      | Reached ***** piety under Uskayaw
  1931 | D:5      | Killed Scuka's ghost
  1931 | D:5      | Reached skill level 9 in Axes
  1931 | D:5      | Reached skill level 5 in Invocations
  2114 | D:5      | Reached XP level 9. HP: 75/75 MP: 13/13
  2119 | D:5      | Gained mutation: You are partially covered in molten scales. (AC +2) [mutagenic meat]
  2191 | D:6      | Reached skill level 10 in Axes
  2302 | D:6      | Found a bloodstained altar of Trog.
  2700 | D:8      | Noticed Pikel
  2717 | D:8      | Killed Pikel
  2717 | D:8      | Reached skill level 11 in Axes
  2753 | D:8      | Found an ornate altar of the Wu Jian Council.
  2807 | D:8      | Found a stormy altar of Qazlal.
  2900 | D:9      | Reached skill level 12 in Axes
  2900 | D:9      | Reached XP level 10. HP: 21/88 MP: 14/16
  3082 | D:9      | Found a radiant altar of Vehumet.
  3398 | D:10     | Entered Level 10 of the Dungeon
  3429 | D:10     | Reached skill level 13 in Axes
  3433 | D:10     | Found Komaz's Book Boutique.
  3512 | D:10     | Gained mutation: You are weak. (Str -2) [mutagenic meat]
  3513 | D:10     | Gained mutation: You are agile. (Dex +2) [mutagenic meat]
  3514 | D:10     | Gained mutation: You are mostly covered in molten scales. (AC +3) [mutagenic meat]
  3515 | D:10     | Gained mutation: Your body sometimes deteriorates upon taking damage. [mutagenic meat]
  3603 | D:10     | Thaneod: what is source of berserk? mutation?
  3674 | D:11     | Noticed a brown ugly thing
  3690 | D:11     | Killed a brown ugly thing
  3757 | D:11     | Noticed Fannar
  3776 | D:11     | Killed Fannar
  3776 | D:11     | Reached skill level 1 in Armour
  3841 | D:11     | arkorax: cute tile
  3867 | D:11     | arkorax: no HOMo
  3892 | D:11     | Reached skill level 14 in Axes
  3892 | D:11     | Reached XP level 11. HP: 47/97 MP: 18/18
  4025 | D:12     | Noticed a manticore
  4039 | D:12     | Killed a manticore
  4079 | D:13     | Noticed a red ugly thing
  4093 | D:13     | Reached skill level 10 in Invocations
  4140 | D:13     | Noticed a centaur warrior
  4147 | D:13     | Noticed a brown ugly thing
  4152 | D:13     | Killed a red ugly thing
  4154 | D:13     | Killed a brown ugly thing
  4155 | D:13     | Killed a centaur warrior
  4155 | D:13     | Reached skill level 10 in Fighting
  4166 | D:13     | Reached skill level 15 in Axes
  4178 | D:13     | Noticed a deep elf mage
  4343 | D:14     | Noticed Nessos
  4348 | D:14     | Noticed a death knight
  4354 | D:14     | Killed Nessos
  4372 | D:14     | Killed a death knight
  4372 | D:14     | Reached skill level 5 in Armour
  4485 | D:14     | Noticed a wizard
  4499 | D:15     | Entered Level 15 of the Dungeon
  4523 | D:14     | Noticed a deep elf mage
  4546 | D:14     | Killed an unseen horror
  4546 | D:14     | Killed a deep elf mage
  4574 | D:14     | Noticed Roxanne
  4583 | D:14     | arkorax: statue :D
  4590 | D:14     | Noticed a brown ugly thing
  4592 | D:14     | Noticed a brown ugly thing
  4592 | D:14     | Noticed a brown ugly thing
  4592 | D:14     | Noticed a brown ugly thing
  4594 | D:14     | Noticed a brown ugly thing
  4605 | D:14     | Killed a brown ugly thing
  4605 | D:14     | Reached skill level 16 in Axes
  4605 | D:14     | Reached XP level 12. HP: 108/108 MP: 19/19
  4611 | D:14     | Gained mutation: You have sharp toenails. [mutagenic meat]
  4612 | D:14     | Gained mutation: You are occasionally teleported next to monsters. [mutagenic meat]
  4615 | D:14     | Lost mutation: You are agile. (Dex +2) [mutagenic meat]
  4655 | D:14     | Noticed a two-headed ogre
  4708 | D:14     | Gained mutation: You are partially covered in slimy green scales. (AC +2) [mutagenic meat]
  4709 | D:14     | Gained mutation: You are robust. (+10% HP) [mutagenic meat]
  4710 | D:14     | Gained mutation: You are very weak. (Str -4) [mutagenic meat]
  4727 | D:15     | Noticed a tengu warrior
  4743 | D:15     | Killed a tengu warrior
  4907 | D:14     | Lost mutation: You are robust. (+10% HP) [potion of mutation]
  4907 | D:14     | Lost mutation: You are mostly covered in molten scales. (AC +3) [potion of mutation]
  4907 | D:14     | Lost mutation: You have sharp toenails. [potion of mutation]
  4907 | D:14     | Lost mutation: You are occasionally teleported next to monsters. [potion of mutation]
  4907 | D:14     | Lost mutation: You are partially covered in molten scales. (AC +2) [potion of mutation]
  4907 | D:14     | Gained mutation: You evolve. [potion of mutation]
  4907 | D:14     | Gained mutation: You possess an exceptional clarity of mind. [potion of mutation]
  4935 | D:14     | Killed Roxanne
  4935 | D:14     | Reached skill level 1 in Spellcasting
  4936 | D:14     | Identified Roxanne's Incunabulum of the Rocks (You took it off Roxanne on level 14 of the Dungeon)
  4945 | D:14     | Learned a level 6 spell: Statue Form
  4948 | D:14     | Learned a level 2 spell: Passwall
  4991 | D:13     | Noticed Josephine
  4998 | D:13     | Reached skill level 17 in Axes
  5003 | D:13     | Killed Josephine
  5003 | D:13     | Reached skill level 1 in Transmutations
  5003 | D:13     | Reached skill level 1 in Earth Magic
  5097 | D:13     | Noticed Maurice
  5132 | D:13     | Killed Maurice
  5148 | D:13     | 4thArraOfDagon: no, amulet :)
  5173 | D:13     | arkorax: dang :p
  5263 | D:12     | Gained mutation: Your spells are a little harder to cast, but a little more powerful. [mutagenic meat]
  5264 | D:12     | Lost mutation: You are very weak. (Str -4) [mutagenic meat]
  5265 | D:12     | Lost mutation: You are weak. (Str -2) [mutagenic meat]
  5266 | D:12     | Gained mutation: You have large cloven feet. [mutagenic meat]
  5285 | D:12     | Thaneod: this is Stomp?
  5319 | D:12     | Thaneod: sorry clicking soo fast...
  5319 | D:12     | 4thArraOfDagon: yea
  5319 | D:12     | 4thArraOfDagon: just one guranteed to hit cleaving dmg :)
  5408 | D:12     | Thaneod: ok
  5430 | D:12     | Gained mutation: You are resistant to electric shocks. (rElec) [evolution]
  5430 | D:12     | Lost mutation: You evolve. [end of evolution]
  5500 | D:12     | Found a shimmering altar of Xom.
  5658 | D:10     | Reached XP level 13. HP: 103/116 MP: 20/20
  5739 | D:9      | Found a shadowy altar of Dithmenos.
  5842 | D:9      | Got a pitted dagger
  5971 | D:9      | Found a staircase to the Orcish Mines.
  5982 | Orc:1    | Entered Level 1 of the Orcish Mines
  6154 | Orc:2    | Entered Level 2 of the Orcish Mines
  6154 | Orc:2    | Found Vugeoram's General Store.
  6154 | Orc:2    | Found a labyrinth entrance.
  6156 | Orc:2    | Noticed Rupert
  6186 | Orc:2    | Killed Rupert
  6248 | Orc:2    | Bought a scroll of teleportation for 42 gold pieces
  6248 | Orc:2    | Bought a scroll of teleportation for 42 gold pieces
  6258 | Lab      | Entered a labyrinth
  6259 | Lab      | 4thArraOfDagon: bbl
  6373 | Lab      | Thaneod: bez tele!
  6438 | Lab      | Noticed a minotaur
  6450 | Lab      | Killed a minotaur
  6481 | Lab      | Identified the Almanac of the Bouncing Wonders
  6486 | Lab      | Identified Riler's Incunabulum of Displacement
  6496 | Lab      | Learned a level 8 spell: Controlled Blink
  6531 | Orc:2    | Bought a scroll of identify for 28 gold pieces
  6531 | Orc:2    | Bought a scroll of identify for 28 gold pieces
  6684 | Orc:2    | Noticed Sonja
  6691 | Orc:2    | Killed Sonja
  6691 | Orc:2    | Reached skill level 5 in Earth Magic
  6912 | Orc:2    | Found a staircase to the Elven Halls.
  7035 | Orc:2    | Reached skill level 18 in Axes
  7058 | Orc:2    | Found Debaufemp's Food Shoppe.
  7098 | Orc:2    | Found Habruxko's Distillery.
  7168 | Orc:2    | Bought a potion of curing for 42 gold pieces
  7168 | Orc:2    | Bought a potion of agility for 56 gold pieces
  7168 | Orc:2    | Bought a potion of agility for 56 gold pieces
  7168 | Orc:2    | Bought a potion of agility for 56 gold pieces
  7168 | Orc:2    | Bought a potion of magic for 112 gold pieces
  7168 | Orc:2    | Bought a potion of haste for 140 gold pieces
  7260 | Orc:2    | Paralysed by an orc sorcerer for 3 turns
  7462 | Orc:2    | Reached skill level 5 in Transmutations
  7536 | Orc:2    | Paralysed by an orc sorcerer for 4 turns
  7563 | Orc:2    | Reached XP level 14. HP: 41/124 MP: 21/21
  7821 | Orc:2    | Found Ucsaegop's Antique Armour Shop.
  7821 | Orc:2    | Found a one-way gate leading to the halls of Pandemonium.
  7821 | Orc:2    | Found Nigog's Gadget Boutique.
  8146 | D:4      | Bought a pair of warped gloves for 256 gold pieces
  8156 | D:4      | Identified the +2 pair of gloves of New Discoveries {rF+ MR+ MP+9 Dex+2} (You bought it in a shop on level 4 of the Dungeon)
  8322 | D:10     | Found a staircase to the Lair.
  8331 | Lair:1   | Entered Level 1 of the Lair of Beasts
  8395 | Lair:1   | Got a polished leather armour
  8660 | Lair:2   | Found a staircase to the Shoals.
  8832 | Lair:3   | Learned a level 4 spell: Passage of Golubria
  9048 | Lair:2   | Reached ****** piety under Uskayaw
  9305 | Lair:3   | Got a faintly glowing quarterstaff
  9306 | Lair:3   | Identified the +12 quarterstaff of Possoss {elec, *Noise rN+ Int+7 SInv} (You found it on level 3 of the Lair of Beasts)
  9317 | Lair:3   | Identified the cursed +0 dagger of the Butterfly {freeze, rF+ rC+ Int+4} (You found it on level 9 of the Dungeon)
  9521 | Lair:4   | Thaneod: ?? blink frog
  9524 | Lair:4   | beem: blink frog[1/2]: One of the toughest enemies in the Lair, though it earns this title mostly due to its ability to blink and its appearance in packs. Poison works well, as do conjurations, and you can even melee them if you can hit them consistently.
  9601 | Lair:4   | Found an opulent altar of Gozag.
  9635 | Lair:4   | Found a hole to the Spider Nest.
  9784 | Lair:6   | Entered Level 6 of the Lair of Beasts
  9840 | Lair:5   | Found a staircase to the Slime Pits.
  9860 | Lair:5   | Identified the +2 leather armour "Zyruan" {MR+} (You found it on level 1 of the Lair of Beasts)
  9982 | Lair:5   | Reached skill level 5 in Spellcasting
 10042 | Lair:5   | Noticed Snorg
 10069 | Lair:5   | Killed Snorg
 10361 | Lair:5   | jacquesderrida: Degen
 10590 | Lair:6   | Reached XP level 15. HP: 114/130 MP: 23/23
 10626 | Lair:6   | Reached skill level 10 in Earth Magic
 10921 | Lair:6   | Learned a level 3 spell: Regeneration
 11123 | Lair:6   | Noticed tof's ghost (journeyman MiBe)
 11211 | Lair:6   | Killed tof's ghost
 11495 | Spider:1 | Entered Level 1 of the Spider Nest
 11496 | Spider:1 | Noticed a ghost moth
 11513 | Spider:1 | Killed a ghost moth
 12425 | Spider:3 | Reached skill level 1 in Necromancy
 12425 | Spider:3 | Reached skill level 1 in Charms
 12426 | Spider:3 | Reached XP level 16. HP: 132/138 MP: 19/26
 12825 | Spider:4 | Entered Level 4 of the Spider Nest
 13076 | Spider:4 | Learned a level 5 spell: Lee's Rapid Deconstruction
 13270 | Spider:4 | Reached skill level 10 in Transmutations
 13902 | Spider:4 | Reached skill level 5 in Dodging
 14083 | Spider:4 | Got a gossamer rune of Zot
 14405 | Shoals:1 | Entered Level 1 of the Shoals
 14586 | Shoals:1 | Reached XP level 17. HP: 144/144 MP: 23/28
 14673 | Shoals:1 | Noticed a kraken
 14690 | Shoals:1 | Killed a kraken
 14844 | Shoals:2 | Noticed Kirke
 14855 | Shoals:2 | Killed Kirke
 15401 | Shoals:3 | Noticed Polyphemus
 15426 | Shoals:3 | Killed Polyphemus
 15487 | Shoals:3 | Found Feten's Jewellery Boutique.
 15515 | Shoals:3 | Bought the ring "Xufic" {rC- MP+9 Dex+4 Slay+3} for 492 gold pieces
 15723 | Shoals:3 | Reached skill level 10 in Dodging
 15786 | Shoals:3 | Noticed a kraken
 15805 | Shoals:3 | Killed a kraken
 15986 | Shoals:4 | Entered Level 4 of the Shoals
 15994 | Shoals:4 | Slain by a merfolk

Vault maps used:
D:1:      shiori_arrival_oz
D:2:      cheibrodos_old_hovel, zin_angel, lemuel_round_altar, first_bread,
          uniq_jessica
D:3:      chequers_ecumenical_altar_simple_redux, gup_sewer_entry_glass,
          corexii_corridor_pit, minmay_misc_feat_encased, serial_bayou_pond_b,
          minmay_misc_feat_nine_boxes
D:4:      nicolae_ossuary_entry_false_entrances, serial_shops, kennysheep_mini,
          hangedman_abyss_or_decor_lesser_grid
D:5:      old_standard_altar, yredelemnul_forgotten_temple_becter, basic_altar
D:6:      fedhas_altar_1, nicolae_overflow_hidden_temple, temple_fountains,
          trog_hazing_becter
D:7:      lemuel_blue_sif_altar
D:8:      grunt_temple_overflow_open, basic_altar, minivault_26,
          grunt_livestock, uniq_pikel
D:9:      vehumet_crystals, minitemple, david_orc_4
D:10:     lair_entry_dummy, serial_shops, shop_fountains
D:11:     uniq_harold, uniq_fannar
D:12:     nrook_guardian_serpent_snake_passage, basic_altar
D:13:     uniq_maurice, uniq_josephine
D:14:     hangedman_vaults_entry_quadrant_bands, solitary_fountain, uniq_nessos,
          uniq_roxanne
D:15:     hangedman_depths_entry_civil_slaughter, hangedman_decor_growths
Lair:1:   serial_bayou_shore_b
Lair:2:   minmay_shoals_entry_centaurs, grunt_megastairs_3
Lair:3:   nicolae_quartered_pool_medium, grunt_megastairs_1,
          serial_bayou_shore_a
Lair:4:   spider_nest_entry_rubble, basic_altar, serial_bayou_shore_b
Lair:5:   nicolae_slime_entry_slimehenge, uniq_snorg
Lair:6:   minmay_lair_end_enchanted_forest, hangedman_lair_generics_rect,
          grunt_megastairs_2
Shoals:1: nicolae_shoals_cliffside_cave, nicolae_shoals_square_sea_wall,
          nicolae_shoals_kraken_intersection
Shoals:2: uniq_kirke
Shoals:3: serial_shops, shop, uniq_polyphemus
Shoals:4: shoals_end_grunt_ice, shoals_ilsuiw_ice
Spider:4: grunt_spider_rune_parallel
Orc:2:    pf_orc_diabolical, lab_entry_generic, serial_shops, shop,
          nicolae_orc_sculptors_studio, uniq_rupert, uniq_sonja
Lab:      nicolae_lab_dead_adventurers, labyrinth_skeletal_remains,
          nicolae_lab_arrow, nicolae_lab_dead_end, nicolae_lab_plus,
          nicolae_lab_lava, nicolae_lab_quarters, lab_hedge,
          labyrinth_lava_lair, nicolae_lab_grate_2
Sewer:    sewer_co_purgy_island
Ossuary:  ossuary_tomb_3

Skill      XL: |  1  2  3  4  5  6  7  8  9 10 11 12 13 14 15 16 17 |
---------------+----------------------------------------------------+-----
Evocations     | 1 2 3 4 5 6 |  6.0
Axes           | 5 6 7 8 9 12 14 16 17 18 | 18.0
Invocations    | 1 2 3 4 5 8 9 10 | 10.0
Fighting       | 4 5 7 9 10 11 12 | 12.4
Armour         | 2 5 6 |  6.5
Spellcasting   | 2 3 5 6 7 |  7.3
Transmutations | 2 5 7 9 10 | 10.3
Earth Magic    | 3 7 9 11 12 | 12.9
Dodging        | 4 6 10 | 10.0
Necromancy     | 1 2 |  2.2
Charms         | 1 2 |  2.0
Stealth        | |  1.5

Action                   |  1- 3 |  4- 6 |  7- 9 | 10-12 | 13-15 | 16-18 || total
-------------------------+-------+-------+-------+-------+-------+-------++-------
Melee: Hand axe          |    67 |   120 |   228 |       |       |       ||   415
       War axe           |       |       |    62 |   260 |       |       ||   322
       Broad axe         |       |       |       |   198 |  1167 |   775 ||  2140
       Kick              |       |       |       |    17 |   328 |   192 ||   537
       Quarterstaff      |       |       |       |       |    28 |       ||    28
       Unarmed           |       |       |       |       |       |     4 ||     4
Throw: Throwing net      |       |       |       |     1 |       |       ||     1
 Cast: Statue Form       |       |       |       |       |    10 |    38 ||    48
       Regeneration      |       |       |       |       |     8 |    23 ||    31
Invok: Stomp             |       |     1 |     7 |     3 |     6 |       ||    17
       Grand Finale      |       |       |       |     2 |     1 |       ||     3
 Abil: Evoke Berserk Rag |     3 |     8 |    12 |    22 |    30 |     5 ||    80
       End Transformatio |       |       |       |       |     2 |    17 ||    19
Evoke: Wand              |       |       |       |     2 |     9 |     8 ||    19
       Lamp of fire      |       |       |       |     2 |     1 |       ||     3
  Use: Scroll            |     5 |     4 |     5 |     5 |    25 |    11 ||    55
       Potion            |       |       |     4 |     9 |     3 |       ||    16
 Stab: Sleeping          |     1 |       |       |       |       |       ||     1
       Paralysed         |     1 |     9 |    23 |    49 |   173 |    80 ||   335
       Held in net/web   |       |       |       |     1 |       |       ||     1
       Distracted        |       |       |       |       |     2 |       ||     2
  Eat: Chunk             |     1 |     4 |     9 |    43 |    57 |    28 ||   142
       Bread ration      |       |     2 |     1 |     1 |     1 |     1 ||     6
       Fruit             |       |       |     4 |     3 |       |     1 ||     8
       Royal jelly       |       |       |       |       |       |     2 ||     2
Armor: Robe              |     3 |       |       |       |       |       ||     3
       Ring mail         |    32 |    51 |   159 |    76 |       |       ||   318
       Troll leather arm |       |       |       |   120 |   487 |    82 ||   689
       Skin              |       |       |       |    15 |   316 |   950 ||  1281
Dodge: Dodged            |    72 |    82 |   198 |   203 |   893 |  1043 ||  2491

Table legend:
 A = Spawn XP
 B = Non-spawn XP
 C = Spawn XP percentage of total XP
 D = Spawn monster count
 E = Non-spawn monster count
 F = Spawn count percentage of total count
 G = Total turns spent on level
                    A         B        C        D         E        F      G
               +---------+---------+-------+---------+---------+-------+---------
         Total |       0 |  221635 |   0.0 |       0 |     834 |   0.0 | 15994
               +---------+---------+-------+---------+---------+-------+---------
           D:1 |       0 |       1 |   0.0 |       0 |       1 |   0.0 |   179
           D:2 |       0 |      18 |   0.0 |       0 |       9 |   0.0 |   207
           D:3 |       0 |      85 |   0.0 |       0 |      31 |   0.0 |   472
           D:4 |       0 |     469 |   0.0 |       0 |      19 |   0.0 |   532
           D:5 |       0 |    1463 |   0.0 |       0 |      24 |   0.0 |   539
           D:6 |       0 |     557 |   0.0 |       0 |      16 |   0.0 |   358
           D:7 |       0 |     170 |   0.0 |       0 |       4 |   0.0 |    89
           D:8 |       0 |    1046 |   0.0 |       0 |       9 |   0.0 |   412
           D:9 |       0 |    3040 |   0.0 |       0 |      43 |   0.0 |   900
          D:10 |       0 |    1612 |   0.0 |       0 |      17 |   0.0 |   456
          D:11 |       0 |    2723 |   0.0 |       0 |      14 |   0.0 |   310
          D:12 |       0 |    3974 |   0.0 |       0 |      19 |   0.0 |   542
          D:13 |       0 |    6712 |   0.0 |       0 |      26 |   0.0 |   400
          D:14 |       0 |    9867 |   0.0 |       0 |      21 |   0.0 |   635
          D:15 |       0 |    1042 |   0.0 |       0 |       4 |   0.0 |    29
        Lair:1 |       0 |    1627 |   0.0 |       0 |       9 |   0.0 |   305
        Lair:2 |       0 |    4880 |   0.0 |       0 |      21 |   0.0 |   337
        Lair:3 |       0 |    3549 |   0.0 |       0 |      13 |   0.0 |   391
        Lair:4 |       0 |    3956 |   0.0 |       0 |      19 |   0.0 |   551
        Lair:5 |       0 |    7700 |   0.0 |       0 |      31 |   0.0 |   635
        Lair:6 |       0 |   23359 |   0.0 |       0 |      81 |   0.0 |  1043
      Shoals:1 |       0 |   10266 |   0.0 |       0 |      17 |   0.0 |   404
      Shoals:2 |       0 |   12053 |   0.0 |       0 |      21 |   0.0 |   457
      Shoals:3 |       0 |   22278 |   0.0 |       0 |      34 |   0.0 |   720
      Spider:1 |       0 |   10854 |   0.0 |       0 |      29 |   0.0 |   330
      Spider:2 |       0 |   11188 |   0.0 |       0 |      36 |   0.0 |   697
      Spider:3 |       0 |   15857 |   0.0 |       0 |      46 |   0.0 |   426
      Spider:4 |       0 |   35316 |   0.0 |       0 |      85 |   0.0 |  1359
         Orc:1 |       0 |    4314 |   0.0 |       0 |      41 |   0.0 |   381
         Orc:2 |       0 |   20262 |   0.0 |       0 |      69 |   0.0 |  1274
           Lab |       0 |    1065 |   0.0 |       0 |       1 |   0.0 |   259
         Sewer |       0 |     154 |   0.0 |       0 |       8 |   0.0 |   141
       Ossuary |       0 |     178 |   0.0 |       0 |      16 |   0.0 |   216
               +---------+---------+-------+---------+---------+-------+---------
